Map: Ascension to Aiur LE

Players

iAsonu

  • Race: Zerg Zerg
  • Spawn Location: 5:00

SortOf - Winner!

  • Race: Zerg Zerg
  • Spawn Location: 11:00

Event: WCS Jonkoping 2017

VOD

Have the link to the VOD?

Description

Time

  • Played on: June 17, 2017, 2:25 p.m.
  • Length: 13:08

All games in this series

Show
View Real Time Build Order
Export as new Build Order

iAsonu Zerg 

Build Orders: Pool First 

Get SALT Encoding   

  12  0:01  Drone  
  13  0:14  Extractor  
  12  0:25  Spawning Pool  
  12  0:27  Drone  
  12  0:32  Drone  
  13  0:38  Drone  
  14  0:48  Overlord  
  14  1:11  Zergling x2  
  14  1:15  Queen, Metabolic Boost  
  17  1:20  Zergling x2  
  17  1:24  Zergling x2  
  19  1:27  Zergling x2  
  20  1:35  Zergling x2  
  21  1:45  Zergling x2  
  22  1:55  Overlord  
  22  2:05  Hatchery  
  21  2:09  Zergling x2  
  22  2:17  Zergling x2  
  23  2:27  Zergling x6  
  26  2:39  Zergling x2  
  26  2:50  Zergling x2  
  26  2:53  Queen  
  26  3:11  Zergling x2  
  26  3:12  Zergling x6  
  24  3:21  Zergling x4  
  25  3:36  Zergling x8  
  28  3:46  Drone x2  
  28  3:47  Baneling Nest  
  29  3:49  Drone  
  29  3:52  Drone  
  31  4:00  Drone  
  32  4:06  Drone  
  28  4:11  Drone x2  
  28  4:15  Drone  
  29  4:19  Drone  
  29  4:22  Drone  
  31  4:25  Drone  
  31  4:30  Zergling x2  
  33  4:36  Zergling x4  
  33  4:38  Drone  
  36  4:43  Drone  
  35  4:50  Drone  
  35  4:53  Zergling x2  
  35  4:54  Baneling  
  35  4:59  Overlord  
  36  5:03  Baneling  
  35  5:08  Overlord  
  35  5:13  Baneling x2  
  35  5:18  Drone  
  35  5:19  Drone x2  
  38  5:24  Drone x2  
  38  5:26  Overlord  
  39  5:28  Baneling  
  39  5:29  Baneling x2  
  39  5:30  Zergling x4  
  39  5:31  Overlord  
  41  5:36  Drone x2  
  42  5:43  Drone  
  42  5:47  Drone  
  44  5:53  Zergling x4  
  44  5:55  Drone  
  45  6:04  Evolution Chamber  
  45  6:06  Roach Warren, Zergling x2  
  45  6:07  Zergling x2  
  45  6:08  Hatchery  
  45  6:10  Extractor  
  45  6:11  Baneling x2  
  43  6:13  Drone x2  
  43  6:14  Drone  
  43  6:15  Drone  
  43  6:17  Extractor  
  46  6:24  Drone  
  48  6:32  Drone  
  48  6:34  Baneling x2, Drone  
  48  6:39  Zergling x6  
  51  6:42  Baneling x2  
  51  6:43  Zergling x6  
  51  6:44  Queen  
  51  6:46  Queen  
  58  6:51  Roach  
  60  6:54  Overlord  
  60  6:58  Overlord  
  60  7:00  Baneling  
  60  7:01  Baneling  
  60  7:06  Baneling  
  60  7:08  Overlord  
  59  7:10  Zergling x6  
  59  7:13  Zergling x2  
  59  7:14  Zergling x2  
  59  7:16  Zergling x2  
  57  7:27  Roach x2  
  57  7:29  Lair  
  61  7:30  Zerg Missile Weapons Level 1  
  61  7:32  Drone x2  
  61  7:35  Drone x2  
  61  7:36  Drone  
  61  7:37  Drone x2  
  66  7:38  Drone  
  66  7:43  Drone x2  
  70  7:45  Drone  
  70  7:50  Drone  
  72  7:52  Baneling x2  
  72  7:54  Drone  
  70  8:07  Drone  
  70  8:09  Drone x5  
  70  8:11  Extractor  
  74  8:13  Extractor, Overlord  
  74  8:18  Roach  
  74  8:19  Roach x2  
  78  8:21  Drone x3  
  80  8:29  Glial Reconstitution  
  80  8:31  Roach  
  80  8:32  Roach x2  
  80  8:33  Spire  
  85  8:39  Roach x2  
  89  8:46  Extractor  
  89  8:47  Roach x4  
  96  8:51  Overlord  
  96  8:52  Unknown  
  96  8:57  Roach  
  96  9:01  Overlord  
  98  9:07  Overseer, Overlord  
  98  9:09  Overlord  
  98  9:11  Roach x4  
  106  9:17  Overlord  
  106  9:20  Roach  
  106  9:21  Roach x3  
  106  9:24  Overlord  
  113  9:27  Roach  
  113  9:28  Roach x4  
  117  9:38  Roach x5  
  117  9:44  Roach x4  
  107  9:52  Roach  
  107  9:53  Roach x3  
  107  9:59  Roach  
  102  10:00  Roach x2  
  102  10:05  Roach x2  
  93  10:09  Roach  
  90  10:16  Mutalisk x2  
  90  10:18  Mutalisk  
  90  10:23  Mutalisk  
  92  10:30  Mutalisk  
  92  10:33  Queen x2  
  92  10:34  Drone  
  99  10:39  Roach x2  
  99  10:41  Drone  
  104  10:46  Mutalisk  
  104  10:49  Drone  
  107  10:50  Overseer  
  107  10:53  Mutalisk  
  107  10:56  Unknown x2  
  109  10:57  Mutalisk  
  105  11:07  Centrifical Hooks  
  105  11:09  Drone x3  
  106  11:20  Drone x2  
  108  11:26  Hatchery  
  108  11:31  Roach x4  
  115  11:37  Roach x3  
  121  11:46  Roach x4  
  129  11:50  Overlord  
  129  11:57  Zergling x10  
  134  12:02  Roach x2  
  138  12:11  Roach x4  
  138  12:15  Ravager x2  
  148  12:17  Baneling x9  
  148  12:26  Roach x4  
  139  12:34  Roach  
  128  12:45  Roach  
  128  12:50  Overlord  
Show
View Real Time Build Order
Export as new Build Order

SortOf Zerg - Winner!

Build Orders: Pool First 

Get SALT Encoding   

  12  0:00  Drone  
  13  0:13  Overlord  
  13  0:16  Drone  
  14  0:31  Drone x2  
  16  0:36  Drone  
  17  0:45  Extractor  
  17  0:47  Drone  
  17  0:51  Spawning Pool  
  16  0:57  Drone  
  17  1:07  Drone  
  18  1:17  Hatchery  
  17  1:22  Drone  
  18  1:38  Queen  
  20  1:40  Zergling x4  
  20  1:46  Metabolic Boost  
  22  1:56  Overlord  
  22  2:05  Baneling Nest  
  22  2:06  Drone  
  22  2:15  Queen  
  24  2:19  Zergling x2  
  25  2:23  Zergling x2  
  25  2:29  Spine Crawler  
  25  2:32  Zergling x2  
  26  2:38  Zergling x2  
  26  2:41  Zergling x2  
  24  2:47  Zergling x2  
  24  2:48  Baneling  
  24  2:49  Baneling  
  23  3:01  Zergling x2  
  23  3:10  Zergling x4  
  24  3:15  Drone  
  25  3:20  Baneling  
  25  3:25  Drone x3  
  26  3:35  Drone x3  
  29  3:41  Drone  
  29  3:42  Drone  
  29  3:46  Zergling x2  
  29  3:47  Zergling x2  
  32  3:48  Baneling  
  32  3:54  Overlord  
  32  3:56  Zergling x2  
  30  4:10  Zergling x4  
  30  4:16  Queen  
  34  4:19  Baneling x2  
  34  4:25  Drone  
  34  4:26  Drone  
  36  4:32  Drone x2  
  36  4:36  Zergling x2  
  36  4:38  Queen  
  39  4:43  Zergling x2  
  41  4:51  Drone  
  41  4:52  Drone  
  41  5:03  Drone  
  41  5:05  Baneling  
  42  5:11  Zergling x2  
  43  5:15  Overlord  
  43  5:24  Overlord  
  43  5:26  Hatchery  
  42  5:28  Drone x2  
  42  5:30  Zergling x4  
  42  5:35  Baneling  
  44  5:36  Drone x2  
  43  5:50  Drone x2  
  43  5:54  Drone x2  
  43  5:56  Baneling  
  43  5:57  Baneling  
  42  5:59  Queen  
  44  6:04  Zergling x2  
  44  6:05  Zergling x12  
  44  6:08  Roach Warren  
  50  6:11  Extractor  
  50  6:15  Zergling x4  
  51  6:23  Baneling x2  
  51  6:27  Zergling x4  
  53  6:36  Overlord  
  53  6:42  Drone x2  
  53  6:43  Drone x3  
  53  6:46  Lair  
  57  6:47  Extractor  
  57  6:50  Baneling x2  
  57  6:51  Evolution Chamber  
  55  6:56  Drone x4  
  58  7:08  Drone x2  
  51  7:16  Drone x2  
  51  7:21  Queen, Drone x3  
  51  7:22  Drone x3  
  55  7:25  Drone x2  
  55  7:28  Roach  
  55  7:29  Roach  
  61  7:30  Zerg Missile Weapons Level 1  
  61  7:33  Drone  
  61  7:35  Roach  
  64  7:38  Overlord  
  64  7:44  Glial Reconstitution  
  64  7:47  Overseer, Roach x2  
  64  7:48  Overlord  
  68  7:51  Extractor  
  68  7:54  Roach  
  69  8:01  Roach  
  69  8:05  Roach  
  73  8:09  Roach  
  73  8:10  Roach  
  77  8:19  Overlord  
  77  8:21  Overlord  
  77  8:23  Overlord  
  77  8:27  Roach x3  
  81  8:29  Overlord x3  
  81  8:33  Overlord  
  83  8:35  Roach x2  
  83  8:36  Roach  
  83  8:37  Overlord  
  89  8:42  Roach x3  
  95  8:50  Roach x4  
  95  8:55  Roach x3  
  109  9:00  Roach x2  
  113  9:06  Roach x2  
  113  9:08  Overlord  
  113  9:09  Drone x3  
  120  9:15  Roach x3  
  126  9:26  Extractor  
  126  9:27  Hydralisk Den  
  126  9:29  Roach x3  
  126  9:31  Drone x3  
  127  9:39  Roach x3  
  127  9:42  Roach x2  
  127  9:45  Roach  
  127  9:52  Roach x3  
  131  9:53  Roach  
  131  9:56  Roach  
  125  10:00  Roach x2  
  125  10:02  Roach  
  125  10:05  Extractor  
  118  10:12  Muscular Augments, Drone  
  118  10:13  Drone  
  108  10:18  Roach x3  
  108  10:24  Hydralisk x2  
  108  10:27  Drone x2  
  110  10:31  Hydralisk  
  110  10:32  Roach x3  
  116  10:39  Drone  
  117  10:47  Hatchery, Roach x2  
  120  10:51  Roach  
  120  10:53  Roach  
  124  10:59  Roach x2  
  124  11:00  Roach x2  
  124  11:02  Hatchery  
  132  11:06  Hydralisk  
  132  11:09  Hydralisk x2  
  138  11:14  Overlord x3  
  138  11:16  Overlord  
  138  11:22  Spore Crawler  
  138  11:23  Spore Crawler  
  138  11:25  Unknown  
  136  11:26  Unknown  
  136  11:28  Unknown  
  136  11:33  Hydralisk x5  
  136  11:39  Unknown  
  146  11:40  Hydralisk x2  
  146  11:41  Hydralisk  
  146  11:44  Hydralisk  
  154  11:49  Overlord  
  154  11:50  Overlord  
  154  11:54  Overlord  
  154  11:56  Overlord  
  154  11:57  Overlord  
  154  12:00  Overlord  
  155  12:08  Overlord  
  155  12:15  Overlord  
  155  12:16  Roach x7  
  155  12:18  Ravager  
  168  12:29  Roach x7  
  172  12:32  Roach x2  
  172  12:35  Roach x2  
  180  12:43  Roach  
  166  12:46  Roach x2  
  166  12:49  Roach x4  
Tags
 
Add a new tag
Caveats
  • Supply blocks, unpowered buildings, or Contaminate may cause inaccurate times.
  • Supply counts are checked every 10 seconds.